 Dungeon Crawl Stone Soup version 0.20-a0-214-gb74cb0e (webtiles) character file.

10 AlphabetPasta the Ogre Mage (level 2, -1/26 HPs)
             Began as an Ogre Wizard on Nov 26, 2016.
             Slain by Terence
             ... wielding a +2 hand axe of chopping
              (8 damage)
             ... on level 2 of the Dungeon on Nov 27, 2016.
             The game lasted 00:05:14 (840 turns).

AlphabetPasta the Ogre Mage (Ogre Wizard)            Turns: 840, Time: 00:05:14

Health: -1/26      AC:  3    Str: 11    XL:     2   Next: 20%
Magic:  0/7        EV: 10    Int: 17    God:
Gold:   31         SH:  0    Dex:  8    Spells: 4/9 levels left

rFire  . . .     SeeInvis .     h - +0 mace
rCold  . . .     Gourm    .     a - +0 robe
rNeg   . . .     Faith    .     (no shield)
rPois  .         Spirit   .     b - +0 hat
rElec  .         Reflect  .     (no cloak)
rCorr  .         Harm     .     (gloves unavailable)
MR     .....                    (boots unavailable)
Stlth  +.........               (no amulet)
                                (no ring)
                                (no ring)

@: very slightly contaminated, repel missiles
A: unfitting armour, tough skin 1
a: no special abilities


You were on level 2 of the Dungeon.
You were not hungry.

You visited 1 branch of the dungeon, and saw 2 of its levels.

You collected 31 gold pieces.

Inventory:

Hand Weapons
 e - a +0 whip
 h - a +0 mace (weapon)
Armour
 a - a +0 robe (worn)
 b - a +0 hat (worn)
Potions
 i - a potion of degeneration {unknown}
 k - a potion of cancellation {unknown}
Books
 c - a book of Minor Magic

   Spells                             Type                      Level
   a - Magic Dart                     Conjuration                  1
   b - Blink                          Translocation                2
   c - Call Imp                       Summoning                    2
   d - Repel Missiles                 Charms/Air                   2
   e - Slow                           Hexes                        2
   f - Conjure Flame                  Conjuration/Fire             3
   g - Mephitic Cloud                 Conjuration/Poison/Air       3
Comestibles
 d - a bread ration
 f - 2 meat rations
 g - 2 chunks of flesh


   Skills:
 + Level 0.3 Fighting
 - Level 1.0 Maces & Flails
 - Level 1.7 Dodging
 - Level 1.4 Stealth
 * Level 4.1 Spellcasting
 - Level 0.6 Conjurations
   Level 0.6 Summonings
 - Level 0.6 Translocations


You had 4 spell levels left.
You knew the following spells:

 Your Spells              Type           Power        Failure   Level  Hunger
a - Magic Dart            Conj           #...         14%         1    None
b - Blink                 Tloc           N/A          21%         2    ##.....
c - Repel Missiles        Chrm/Air       #.....       24%         2    ##.....


Dungeon Overview and Level Annotations

Branches:
Dungeon (2/15)

Altars:

Annotations:
D:2 Terence


Innate Abilities, Weirdness & Mutations

You are too large for most types of armour.
You have tough skin. (AC +1)


Message History

Confirm with . or Enter, or press ? or * to list all spells.
Aiming: Magic Dart
Press: ? - help, Shift-Dir - straight line, f/p - Terence
Aim: Terence, wielding a hand axe of chopping and wearing a ring mail (heavily wounded)
You miscast Magic Dart.
You are very lightly contaminated with residual magic.
Your skin tingles.
Terence hits you with a hand axe of chopping.
Casting: Magic Dart
Confirm with . or Enter, or press ? or * to list all spells.
Aiming: Magic Dart
Press: ? - help, Shift-Dir - straight line, f/p - Terence
Aim: Terence, wielding a hand axe of chopping and wearing a ring mail (heavily wounded)
You miscast Magic Dart.
Nothing appears to happen.
Terence hits you with a hand axe of chopping.
* * * LOW HITPOINT WARNING * * *
You hit Terence but do no damage.
Terence is heavily wounded.
Terence hits you with a hand axe of chopping!
You die...

# ...
#.#####..#
#...@@...#
########....
.


You could see Terence.

Vanquished Creatures
  A giant cockroach (D:1)
  2 goblins (D:1)
  2 hobgoblins (D:1)
  A frilled lizard (D:1)
  2 kobolds
  2 rats (D:1)
10 creatures vanquished.

Notes
Turn   | Place    | Note
-------+----------+-------------------------------------------
     0 | D:1      | AlphabetPasta the Ogre Wizard began the quest for the Orb.
     0 | D:1      | Reached XP level 1. HP: 16/16 MP: 5/5
     0 | D:1      | Upgraded the game from 0.20-a0-213-gc646d03 to 0.20-a0-214-gb74cb0e
   302 | D:1      | Reached skill level 1 in Maces & Flails
   407 | D:1      | Reached skill level 4 in Spellcasting
   407 | D:1      | Reached XP level 2. HP: 24/24 MP: 1/7
   411 | D:1      | Learned a level 2 spell: Blink
   414 | D:1      | Learned a level 2 spell: Repel Missiles
   827 | D:2      | Noticed Terence
   840 | D:2      | Slain by Terence

Vault maps used:
D:1:      dpeg_arrival_more_subterranean_lakeside_camping, minivault_25,
          kennysheep_nondescript
D:2:      minivault_5, uniq_sigmund, uniq_terence

Skill      XL: |  1 |
---------------+----+-----
Maces & Flails | 1 |  1.0
Spellcasting   | 4 |  4.1
Fighting       | |  0.3
Dodging        | |  1.7
Stealth        | |  1.4
Conjurations   | |  0.6
Summonings     | |  0.6
Translocations | |  0.6

Action                   || total
-------------------------++-------
Melee: Whip              ||     4
       Mace              ||     4
 Cast: Magic Dart        ||    29
       Repel Missiles    ||     2
  Use: Scroll            ||     2
Armor: Robe              ||     2
Dodge: Dodged            ||     8
       Deflected         ||     1
